 Dungeon Crawl Stone Soup version 0.19.1-1-g22dce08 (webtiles) character file.

8921 theAP the Destroyer (level 11, -2/54 HPs)
             Began as a Deep Elf Conjurer on Jan 8, 2017.
             Was a Priest of Vehumet.
             Slain by a troll (12 damage)
             ... on level 10 of the Dungeon.
             The game lasted 00:53:57 (12325 turns).

theAP the Destroyer (Deep Elf Conjurer)            Turns: 12325, Time: 00:53:57

Health: -2/54      AC:  6    Str:  5    XL:     11   Next: 16%
Magic:  29/37      EV: 13    Int: 24    God:    Vehumet [***...]
Gold:   510        SH:  0    Dex: 15    Spells: 6 memorised, 15 levels left

rFire  + . .     SeeInvis .     R - +2 rod of inaccuracy (9/9)
rCold  . . .     Gourm    .     V - +0 robe {rF+}
rNeg   . . .     Faith    .     (no shield)
rPois  .         Spirit   .     g - +0 helmet
rElec  .         Reflect  .     B - +0 cloak
rCorr  .         Harm     .     d - +1 pair of gloves
MR     +....                    (no boots)
Stlth  ++........               (no amulet)
                                n - ring of magical power
                                M - ring of wizardry

@: no status effects
A: no striking features
a: Renounce Religion


You were on level 10 of the Dungeon.
You worshipped Vehumet.
Vehumet was most pleased with you.
You were not hungry.

You visited 2 branches of the dungeon, and saw 12 of its levels.
You also visited: Ossuary.

You collected 510 gold pieces.

Inventory:

Armour
 a - a +0 robe
 d - a +1 pair of gloves (worn)
 g - a +0 helmet (worn)
 u - a +0 robe of fire resistance
 B - a +0 cloak (worn)
 V - a +0 robe of fire resistance (worn)
Magical Staves
 N - an uncursed staff of air
Rods
 R - a +2 rod of inaccuracy (9/9) (in hand)
   (You found it on level 8 of the Dungeon)
Jewellery
 e - an uncursed ring of ice
 n - a ring of magical power (right hand)
 p - an uncursed ring of positive energy
 y - a +4 ring of evasion
 z - an uncursed ring of protection from cold
 F - an uncursed ring of stealth
 J - a +4 ring of dexterity
 M - a ring of wizardry (left hand)
 Q - a cursed -3 ring of protection {unknown}
 S - an uncursed ring of stealth
 X - an uncursed ring of wizardry
Wands
 v - a wand of slowing (23/48)
 K - a wand of acid (9/15)
 O - a wand of iceblast (8/15)
 T - a wand of lightning (4/15)
Scrolls
 i - 8 scrolls of remove curse
 j - 6 scrolls of teleportation
 l - 2 scrolls of enchant weapon
 H - a scroll of vulnerability
 I - a scroll of fog
 P - 2 scrolls of blinking
 U - a scroll of identify
 Y - a scroll of acquirement {unknown}
Potions
 f - 7 potions of curing
 h - a potion of cancellation {unknown}
 o - 3 potions of degeneration {unknown}
 q - 2 potions of heal wounds
 r - 2 potions of resistance {unknown}
 s - 2 potions of beneficial mutation {unknown}
 t - 4 potions of brilliance
 w - a potion of mutation {unknown}
 x - a potion of ambrosia {unknown}
 C - 2 potions of might
 D - 3 potions of berserk rage
 G - 2 potions of agility {unknown}
Books
 b - a book of Conjurations

   Spells                             Type                      Level
   a - Magic Dart                     Conjuration                  1
   b - Searing Ray                    Conjuration                  2
   c - Dazzling Spray                 Conjuration/Hexes            3
   d - Fulminant Prism                Conjuration/Hexes            4
   e - Iskenderun's Mystic Blast      Conjuration                  4
   f - Iskenderun's Battlesphere      Conjuration/Charms           5
 A - a book of Geomancy

   Spells                             Type                      Level
   a - Sandblast                      Earth                        1
   b - Passwall                       Transmutation/Earth          2
   c - Stone Arrow                    Conjuration/Earth            3
   d - Petrify                        Transmutation/Earth          4
   e - Lee's Rapid Deconstruction     Earth                        5
 L - a book of Callings

   Spells                             Type                      Level
   a - Summon Small Mammal            Summoning                    1
   b - Call Imp                       Summoning                    2
   c - Call Canine Familiar           Summoning                    3
   d - Summon Guardian Golem          Hexes/Summoning              3
   e - Summon Lightning Spire         Summoning/Air                4
   f - Summon Ice Beast               Ice/Summoning                4
Comestibles
 c - 10 bread rations
 k - 5 meat rations
 m - a fruit
 E - a beef jerky
 Z - a slice of pizza


   Skills:
 - Level 2.5 Dodging
 - Level 2.4 Stealth
 + Level 11.8 Spellcasting
 + Level 12.6 Conjurations
 - Level 7.0 Charms
 + Level 6.7 Summonings
 + Level 6.3 Fire Magic


You had 15 spell levels left.
You knew the following spells:

 Your Spells              Type           Power        Failure   Level  Hunger
a - Magic Dart            Conj           ####         1%          1    None
b - Iskenderun's Mystic   Conj           ######..     1%          4    None
c - Iskenderun's Battles  Conj/Chrm      ######..     1%          5    ###....
d - Flame Tongue          Conj/Fire      #####        1%          1    None
e - Summon Ice Beast      Ice/Summ       ####....     6%          4    None
f - Inner Flame           Hex/Fire       ####....     1%          3    None


Dungeon Overview and Level Annotations

Branches:
Dungeon (11/15)            Temple (1/1) D:4            Lair (0/6) D:9
    Orc (0/2) D:10

Altars:
Ashenzari
Cheibriados
Dithmenos
Elyvilon
Fedhas
Gozag
Hepliaklqana
Kikubaaqudgha
Makhleb
Nemelex Xobeh
Okawaru
Qazlal
Ru
Sif Muna
Trog
Uskayaw
Vehumet
Xom
Yredelemnul
Zin
The Shining One


Message History

Casting: Magic Dart
Confirm with . or Enter, or press ? or * to list all spells.
Aiming: Iskenderun's Mystic Blast
Press: ? - help, Shift-Dir - straight line, f - troll
Aim: a troll (lightly wounded)
The orb of energy hits the troll.
The troll is almost dead.
The orb of energy explodes!
The troll misses you. The troll claws you! The troll closely misses you.
Casting: Iskenderun's Mystic Blast
Confirm with . or Enter, or press ? or * to list all spells.
Aiming: Iskenderun's Mystic Blast
Press: ? - help, Shift-Dir - straight line, f/p - troll
Aim: a troll (almost dead)
The orb of energy hits the troll.
The troll is almost dead.
The orb of energy explodes!
The troll bites you. The troll claws you!
* * * LOW HITPOINT WARNING * * *
The troll claws you!
You die...

##..#...##....##.##...#
###
.#..#.##.#........#8.8##
#.####.###...........).#
######.###........####.#
#.#.....).....##### #.#
#.###.###.....#### #.# #.#
#.###........# #.# #.#
#...#........# #.# #.#
###.#.......@# #.### #.#
#.#<......T# #...#
#.#####.#........# ###.#
#................# #.#
#####...##.......#######.#
#.###########.....##.# #.#
#######.###.##.# #.#
#.......# #...^# #.#
###.......###.####


You could see a troll.

Vanquished Creatures
  A hydra (D:10)
  2 unseen horrors (D:10)
  The ghost of graki42 the Thaumaturge, a novice DEFE of Vehumet (D:7)
  An orc sorcerer (D:10)
  Maurice (D:10)
  An elephant (D:9)
  The ghost of Atlantean the Covered, a novice GrFi (D:5)
  A troll (D:9)
  2 hippogriffs
  Sigmund (D:4)
  A wraith (Ossuary)
  A spriggan (D:8)
  Menkaure (D:7)
  3 water moccasins
  3 orc warriors (D:10)
  A black bear (D:7)
  3 ice beasts
  A sky beast (D:6)
  2 ogres
  3 phantoms
  3 centaurs
  2 crocodiles
  An elf zombie (Ossuary)
  3 bullfrogs
  2 scorpions
  A troll zombie (D:10)
  6 killer bees (D:7)
  3 wights
  A howler monkey (D:4)
  An electric eel (D:10)
  2 crimson imps (D:5)
  A centaur zombie (D:5)
  A bullfrog zombie (D:10)
  5 jellies
  7 hounds
  A quasit (D:8)
  A human zombie (Ossuary)
  A bullfrog skeleton (D:10)
  4 orc priests
  5 orc wizards
  3 iguanas
  2 worker ants
  5 ogre zombies (D:10)
  A hound zombie (D:3)
  A hound skeleton (D:7)
  3 mummies (Ossuary)
  4 worker ant zombies
  8 gnolls
  8 adders
  A howler monkey skeleton (D:6)
  A shadow imp (D:6)
  2 oozes
  An adder skeleton (D:6)
  4 worms
  2 dart slugs
  13 leopard geckos
  27 orcs
  8 bats
  4 giant cockroaches
  7 goblins
  6 hobgoblins
  8 jackals
  2 quokkas
  3 ball pythons
  8 frilled lizards
  3 goblin zombies
  5 hobgoblin zombies
  A jackal zombie (D:3)
  4 kobolds
  2 kobold zombies (Ossuary)
  3 orc skeletons (D:10)
  12 orc zombies (D:10)
  11 rats
255 creatures vanquished.

Notes
Turn   | Place    | Note
-------+----------+-------------------------------------------
     0 | D:1      | theAP the Deep Elf Conjurer began the quest for the Orb.
     0 | D:1      | Reached XP level 1. HP: 10/10 MP: 6/6
   330 | D:1      | Reached XP level 2. HP: 15/15 MP: 4/8
   505 | D:1      | Reached skill level 5 in Conjurations
   848 | D:2      | You fall through a shaft for 2 floors!
   848 | D:4      | Noticed a howler monkey
   858 | D:4      | Reached XP level 3. HP: 19/19 MP: 6/9
   869 | D:3      | Noticed an ogre
  1067 | D:2      | Reached XP level 4. HP: 16/24 MP: 0/12
  1187 | D:2      | Found a faded altar of an unknown god.
  1352 | D:2      | Found a shadowy altar of Dithmenos.
  1408 | D:2      | Learned a level 4 spell: Iskenderun's Mystic Blast
  1449 | D:2      | Reached skill level 6 in Conjurations
  2094 | D:3      | Reached XP level 5. HP: 28/28 MP: 13/13
  2471 | D:3      | Reached skill level 7 in Conjurations
  2896 | D:3      | Reached skill level 5 in Spellcasting
  3021 | D:4      | Reached XP level 6. HP: 32/32 MP: 13/15
  3474 | D:4      | Found a shattered altar of Ashenzari.
  3491 | D:4      | Found a staircase to the Ecumenical Temple.
  3506 | D:4      | Reached skill level 8 in Conjurations
  3519 | Temple   | Entered the Ecumenical Temple
  3726 | Temple   | Became a worshipper of Vehumet
  3771 | D:4      | Reached XP level 7. HP: 36/36 MP: 17/18
  3824 | D:4      | Found a stormy altar of Qazlal.
  3926 | D:4      | Noticed Sigmund
  3941 | D:4      | Learned a level 5 spell: Iskenderun's Battlesphere
  3947 | D:4      | Killed Sigmund
  3947 | D:4      | Reached skill level 1 in Charms
  4021 | D:4      | Found a shimmering altar of Xom.
  4286 | D:5      | Entered Level 5 of the Dungeon
  4326 | D:5      | Noticed Atlantean's ghost (novice GrFi)
  4338 | D:5      | Killed Atlantean's ghost
  4338 | D:5      | Reached skill level 9 in Conjurations
  4463 | D:5      | Reached XP level 8. HP: 41/41 MP: 20/20
  5173 | D:6      | Found a snail-covered altar of Cheibriados.
  5193 | D:6      | Reached * piety under Vehumet
  5193 | D:6      | Offered knowledge of Flame Tongue by Vehumet.
  5199 | D:6      | Learned a level 1 spell: Flame Tongue
  5587 | D:7      | Noticed graki42's ghost (novice DEFE)
  5653 | D:7      | Reached skill level 10 in Conjurations
  5654 | D:7      | Reached skill level 5 in Charms
  5851 | D:7      | Killed graki42's ghost
  5851 | D:7      | Reached XP level 9. HP: 45/45 MP: 5/23
  5863 | D:7      | Reached skill level 11 in Conjurations
  6099 | D:7      | Learned a level 4 spell: Summon Ice Beast
  6308 | D:7      | Found a glowing golden altar of the Shining One.
  6405 | D:7      | Noticed Menkaure
  6410 | D:7      | Killed Menkaure
  6458 | D:7      | Found a bloodstained altar of Trog.
  6667 | D:8      | Reached skill level 1 in Summonings
  6667 | D:8      | Reached skill level 1 in Fire Magic
  6904 | D:8      | Reached ** piety under Vehumet
  6905 | D:8      | Offered knowledge of Throw Frost by Vehumet.
  7154 | D:8      | Found a sand-covered staircase.
  7165 | Ossuary  | Entered an ossuary
  7169 | Ossuary  | Identified a +2 rod of inaccuracy (9/9) (You found it on level 8 of the Dungeon)
  8121 | D:8      | Noticed a hand axe
  8121 | D:8      | Noticed a dagger
  8123 | D:8      | Found a hide-covered altar of Uskayaw.
  8308 | D:9      | Found a deep blue altar of Sif Muna.
  8353 | D:9      | Found a glowing silver altar of Zin.
  8401 | D:9      | Reached skill level 10 in Spellcasting
  8401 | D:9      | Reached XP level 10. HP: 50/50 MP: 26/26
  8736 | D:9      | Found a staircase to the Lair.
  8736 | D:9      | Noticed an elephant
  8747 | D:9      | Killed an elephant
  8991 | D:9      | Found a burning altar of Makhleb.
  9139 | D:9      | Offered knowledge of Static Discharge by Vehumet.
  9193 | D:10     | Entered Level 10 of the Dungeon
  9607 | D:10     | Noticed an orc sorcerer
  9616 | D:10     | Killed an orc sorcerer
  9616 | D:10     | Reached skill level 12 in Conjurations
  9793 | D:10     | Reached skill level 5 in Fire Magic
  9912 | D:10     | Reached skill level 5 in Summonings
 10043 | D:10     | Reached *** piety under Vehumet
 10070 | D:10     | Found a staircase to the Orcish Mines.
 10318 | D:10     | Offered knowledge of Inner Flame by Vehumet.
 10323 | D:10     | Learned a level 3 spell: Inner Flame
 10583 | D:10     | Noticed Maurice
 10590 | D:10     | Killed Maurice
 10614 | D:10     | Noticed a six-headed hydra
 10617 | D:10     | Killed a six-headed hydra
 10955 | D:10     | Found a deep blue altar of Sif Muna.
 11115 | D:10     | Killed an unseen horror
 11115 | D:10     | Reached XP level 11. HP: 25/54 MP: 17/28
 11855 | D:10     | Killed an unseen horror
 12325 | D:10     | Slain by a troll

Skill      XL: |  1  2  3  4  5  6  7  8  9 10 |
---------------+-------------------------------+-----
Conjurations   | 5 6 7 8 9 10 11 12 | 12.6
Spellcasting   | 4 5 6 8 10 11 | 11.8
Charms         | 3 6 7 |  7.0
Summonings     | 3 6 |  6.7
Fire Magic     | 3 6 |  6.3
Dodging        | |  2.5
Stealth        | |  2.4

Action                   |  1- 3 |  4- 6 |  7- 9 | 10-12 || total
-------------------------+-------+-------+-------+-------++-------
Melee: Unarmed           |    12 |     6 |     3 |       ||    21
 Cast: Magic Dart        |    69 |   146 |   127 |    46 ||   388
       Iskenderun's Myst |       |    22 |    70 |   113 ||   205
       Iskenderun's Batt |       |       |    10 |    10 ||    20
       Flame Tongue      |       |       |     8 |       ||     8
       Summon Ice Beast  |       |       |     2 |       ||     2
  Use: Scroll            |     3 |     6 |    12 |     2 ||    23
       Potion            |       |     1 |     1 |     1 ||     3
 Stab: Distracted        |       |       |     1 |       ||     1
  Eat: Chunk             |       |    12 |    10 |     6 ||    28
       Fruit             |       |       |     2 |     2 ||     4
       Beef jerky        |       |       |     4 |       ||     4
       Royal jelly       |       |       |     1 |       ||     1
       Meat ration       |       |       |       |     1 ||     1
       Pizza             |       |       |       |     1 ||     1
Armor: Robe              |     6 |    10 |    14 |    12 ||    42
Dodge: Dodged            |    19 |    30 |    53 |    25 ||   127
